 Dungeon Crawl Stone Soup version 0.31.0-12-g77e489cdc1 (webtiles) character file.

Game seed: 2921956018442450402

1482 BigDaddyOpFi the Trooper (level 8, -3/57 HPs)
             Began as an Octopode Fighter on Feb 23, 2024.
             Was an Initiate of Ashenzari.
             Slain by an acid dragon (5 damage)
             ... on level 6 of the Dungeon.
             The game lasted 00:07:33 (7735 turns).

BigDaddyOpFi the Trooper (Octopode Fighter)         Turns: 7735, Time: 00:07:34

Health: -3/57      AC: -3    Str: 15    XL:     8   Next: 79%
Magic:  8/8        EV: 15    Int: 10    God:    Ashenzari [......]
Gold:   383        SH:  7    Dex: 14    Spells: 7/7 levels left

rFire   . . .        a - +1 war axe (vamp)
rCold   . . .        b - +2 buckler
rNeg    . . .        (helmet restricted)
rPois   .            (no amulet)
rElec   .            i - ring of the Shackled Firmament {Fly, Fort, Cun} (curse)
rCorr   .            p - ring of willpower
SInv    .            (no ring)
Will    +....        (no ring)
Stlth   +++          (no ring)
HPRegen 0.29/turn    (no ring)
MPRegen 0.11/turn    (no ring)
                     (no ring)

%: no passive effects
@: corroded, flying
A: almost no armour, amphibious, 8 rings, camouflage 1, gelatinous body 1,
(nimble swimmer 1), tentacles
a: Renounce Religion, Shatter the Chains


You were on level 6 of the Dungeon.
You worshipped Ashenzari.
Ashenzari was noncommittal.
You visited 2 branches of the dungeon, and saw 7 of its levels.

You collected 383 gold pieces.

Inventory:

Hand Weapons
 a - a +1 vampiric war axe (weapon)
Armour
 b - a +2 buckler (worn)
Jewellery
 i - the cursed ring of the Shackled Firmament (left tentacle) {Fly, Fort, Cun}
   (You found it on level 5 of the Dungeon)

   [ring of flight]

   Fly:       It grants you flight.
   It has a curse which improves the following skills: Fortitude: Shields.
   Cunning:   Dodging and Stealth.
 p - a ring of willpower (right tentacle)
Wands
 n - a wand of mindburst (19)
 o - a wand of quicksilver (8) (quivered)
Scrolls
 f - 2 scrolls of fog
 k - a scroll of silence
 l - a scroll of poison
 m - a scroll of teleportation {unknown}
 q - a scroll of revelation
Potions
 c - a potion of might
 h - 3 potions of cancellation
 j - a potion of haste {unknown}
 r - a potion of mutation {unknown}


   Skills:
 + Level 6.0 Fighting
 * Level 5.6 Axes
 + Level 5.9(6.3) Dodging
 * Level 2.0(2.3) Stealth
 + Level 6.0(6.4) Shields


You had 7 spell levels left.
You didn't know any spells.
Your spell library contained the following spells:

 Spells                   Type           Power      Damage    Failure   Level
 Freeze                   Ice            0%         1d3       43%         1
 Sandblast                Erth           0%         2d4       43%         1
 Summon Small Mammal      Summ           0%         N/A       43%         1
 Dazzling Flash           Conj/Hex       0%         N/A       82%         3
 Gell's Gravitas          Tloc           0%         N/A       82%         3
 Teleport Other           Tloc           0%         N/A       82%         3
 Volatile Blastmotes      Fire/Tloc      0%         2d10      82%         3
 Summon Lightning Spire   Summ/Air       0%         N/A       99%         4
 Lee's Rapid Deconstruct  Erth           0%         3d4*      100%        5
 Dispersal                Tloc           0%         N/A       100%        6
 Starburst                Conj/Fire      0%         6d3       100%        6
 Maxwell's Capacitive Co  Air            0%         ∞         100%        8
 Animate Armour           Summ/Erth      Unusable   N/A       N/A         4

Dungeon Overview and Level Annotations

Branches:
Dungeon (6/15)             Temple (1/1) D:5

Altars:
Ashenzari
Cheibriados
Dithmenos
Elyvilon
Fedhas
Gozag
Hepliaklqana
Kikubaaqudgha
Makhleb
Nemelex Xobeh
Qazlal
Ru
Sif Muna
Trog
Wu Jian
Xom
Yredelemnul
Zin
The Shining One

Annotations:
D:5 2 transporters, Silvos's ghost, novice OpSh


Innate Abilities, Weirdness & Mutations

You cannot wear most types of armour.
You are amphibious.
You can wear up to eight rings at the same time.
Your skin changes colour to match your surroundings (Stealth+).
Your rubbery body absorbs attacks. (AC +1, EV +1)
((You are camouflaged when in or above water. (Stealth+)))
You have tentacles for arms and can constrict up to eight enemies at once.


Message History

You hit the acid dragon but do no damage.
The acid dragon bites you. The acid dragon completely misses you.
You hit the acid dragon but do no damage.
Your tentacle-slap misses the acid dragon.
The acid dragon bites you. The acid dragon claws you.
You closely miss the acid dragon.
You squeeze the acid dragon, but do no damage.
The acid dragon barely misses you. The acid dragon claws you.
You block the acid dragon's attack. The acid dragon claws you.
You slash the acid dragon!
You feel better.
The acid dragon is moderately wounded.
The acid dragon barely misses you. The acid dragon closely misses you.
You closely miss the acid dragon. You squeeze the acid dragon.
The acid dragon is moderately wounded.
The acid dragon barely misses you. The acid dragon closely misses you.
You barely miss the acid dragon.
The acid dragon is moderately wounded.
You block the acid dragon's attack. x2
You hit the acid dragon.
You feel better.
The acid dragon is heavily wounded.
You block the acid dragon's attack. The acid dragon claws you.
The acid dragon bites you! The acid dragon completely misses you.
You closely miss the acid dragon.
The acid dragon is heavily wounded.
The acid dragon spits acid at you. The splash of acid hits you!!
Ouch! That really hurt!
* * * LOW HITPOINT WARNING * * *
You feel better. The acid dragon bites you!
* * * LOW HITPOINT WARNING * * *
You block the acid dragon's attack.
As you read the scroll labelled MISESCH XESU, it crumbles to dust.
It is a scroll of amnesia.
You feel forgetful for a moment. The acid dragon misses you.
The acid dragon closely misses you.
Okay, then.
As you read the scroll of identify, it crumbles to dust.
l - a scroll of poison The acid dragon bites you.
You die...

. ##.###
. #...##
. ###..#
######.##
#...##..#
♣..#..#
♣.....#
♣♣.....#
♣@♣♣♣..#
♣D♣♣ ...#
♣♣ ...#
.####


You could see an acid dragon.

Vanquished Creatures
  2 water moccasins (D:6)
  An orc warrior (D:6)
  An ice beast (D:6)
  2 black bears
  A kobold brigand (D:5)
  A bullfrog (D:6)
  A scorpion (D:4)
  A howler monkey (D:5)
  A jelly (Temple)
  A gnoll bouda (D:4)
  3 orc priests (D:5)
  2 bombardier beetles (D:4)
  3 hounds
  2 iguanas
  2 orc wizards
  8 gnolls
  8 adders
  A shadow imp (D:5)
  2 dart slugs (D:1)
  11 orcs
  5 ball pythons
  8 bats
  4 endoplasms
  6 giant cockroaches
  16 goblins
  3 hobgoblins
  4 jackals
  5 quokkas
  3 frilled lizards
  13 kobolds
  3 rats
124 creatures vanquished.

Notes
Turn   | Place    | Note
-------+----------+-------------------------------------------
     0 | D:1      | BigDaddyOpFi the Octopode Fighter began the quest for the
                  | Orb.
     0 | D:1      | Reached XP level 1. HP: 16/16 MP: 1/1
   112 | D:1      | Reached XP level 2. HP: 21/21 MP: 2/2
   458 | D:1      | Reached XP level 3. HP: 17/26 MP: 3/3
  1679 | D:3      | Found a broken altar of Ashenzari.
  1710 | D:3      | Reached XP level 4. HP: 24/31 MP: 4/4
  1795 | D:3      | Found a faded altar of an unknown god.
  2185 | D:3      | Found an opulent altar of Gozag.
  2216 | D:3      | Found a glowing silver altar of Zin.
  2602 | D:3      | Found a faded altar of an unknown god.
  2602 | D:3      | Found a hazy altar of Hepliaklqana.
  2604 | D:3      | Found a faded altar of an unknown god.
  2915 | D:4      | Reached XP level 5. HP: 37/37 MP: 5/5
  3080 | D:4      | Reached XP level 6. HP: 36/43 MP: 6/6
  3562 | D:5      | Entered Level 5 of the Dungeon
  3760 | D:5      | Found a staircase to the Ecumenical Temple.
  3783 | D:5      | Noticed a black bear
  3784 | Temple   | Entered the Ecumenical Temple
  4469 | Temple   | Reached XP level 7. HP: 44/49 MP: 7/7
  4937 | D:5      | Reached skill level 5 in Fighting
  4937 | D:5      | Reached skill level 5 in Dodging
  4937 | D:5      | Reached skill level 5 in Shields
  5055 | D:3      | Became a worshipper of Ashenzari the Shackled
  5636 | D:5      | Found a bloodstained altar of Trog.
  5894 | D:5      | Identified the +2 dire flail of Extermination {elec, rC++
                  | Will+}
  5896 | D:5      | Noticed Silvos's ghost (novice OpSh)
  5898 | D:5      | Found a transporter.
  5909 | D:5      | Found a transporter.
  6362 | D:5      | Reached XP level 8. HP: 16/55 MP: 8/8
  6499 | D:5      | Reached skill level 5 in Axes
  7585 | D:6      | Reached skill level 1 in Stealth
  7651 | D:6      | Got Cax Kithe's Practicing Witchcraft
  7733 | D:6      | HP: 1/57 [acid dragon (10)]
  7735 | D:6      | Slain by an acid dragon

Illustrated notes

Levels and vault maps discovered:
D:1:      tarquinn_simple_flora_water_f, layout_loops_ring, kennysheep_doodads,
          hangedman_decor_lopped, minmay_misc_feat_plants, minmay_tromino_i2
D:2:      layout_loops_cross, serial_bayou, serial_bayou_pond_c,
          serial_bayou_lake_a, serial_bayou_pond_a, serial_bayou_pond_c,
          minivault_5
D:3:      layout_loops_corners, mainiacjoe_overflow_small_starburst,
          zin_scriptorium, nicolae_gozag_cash_rules_everything_around_me,
          nicolae_hepliaklqana_ecumenical_no_more, ebering_ecumenical_altar_box,
          solitary_fountain, kennysheep_minor_cross
D:4:      layout_rooms
D:5:      layout_layer_cave, trog_hazing_becter, minmay_temple_entry_water_ring,
          gammafunk_ghost_smash
D:6:      layout_rooms, kb_rosetta, uniq_edmund
Temple:   zaba_magenta_temple

Skill      XL: |  1  2  3  4  5  6  7  8 |
---------------+-------------------------+-----
Axes           | 3 4 5 |  5.6
Fighting       | 4 5 6 |  6.0
Dodging        | 4 5 |  5.9
Shields        | 4 5 6 |  6.0
Stealth        | 2 |  2.0

Action                     |  1- 3 |  4- 6 |  7- 9 || total
---------------------------+-------+-------+-------++-------
  Melee: War axe           |    75 |    79 |   124 ||   278
         Constrict         |    13 |    20 |    28 ||    61
         Tentacles         |     7 |    16 |    34 ||    57
         Punch             |       |     1 |       ||     1
  Throw: Throwing net      |       |       |     1 ||     1
 Invoke: Curse Item        |       |       |     1 ||     1
  Evoke: Wand              |       |       |     1 ||     1
    Use: Scroll            |       |     9 |     2 ||    11
         Potion            |       |     4 |     4 ||     8
   Stab: Sleeping          |    11 |     2 |     1 ||    14
 Armour: Skin              |    25 |    48 |    90 ||   163
  Dodge: Dodged            |    37 |    70 |   105 ||   212
  Block: Buckler           |     9 |    25 |    59 ||    93
